 Dungeon Sprint DCSS version 0.23-a0-143-g1adec7b (webtiles) character file.

8088 Faca the Warrior (level 11, 0/115 HPs)
             Began as a Minotaur Fighter on Aug 31, 2018.
             Was the Champion of the Shining One.
             Slain by an emperor scorpion (6 damage)
             ... summoned by a greater mummy
             ... in the Dungeon (Sprint V: "Ziggurat Sprint").
             The game lasted 00:06:51 (823 turns).

Faca the Warrior (Minotaur Fighter)                  Turns: 823, Time: 00:06:52

Health: 0/115      AC: 21    Str: 30    XL:     11   Next: 5%
Magic:  11/12      EV:  8    Int:  7    God:    the Shining One [******]
Gold:   0          SH: 17    Dex: 10    Spells: 10/10 levels left

rFire    + . .     SeeInvis +   M - +5 broad axe
rCold    . . .     Gourm    .   m - +3 shield
rNeg     + + +     Faith    +   o - +5 plate armour
rPois    +         Spirit   .   (helmet restricted)
rElec    .         Reflect  .   (no cloak)
rCorr    .         Harm     .   (no gloves)
MR       .....     NoTele   +   (no boots)
Stlth    ..........             s - amulet "Yhuag" {Faith rPois rN++ SInv}
HPRegen  0.29/turn              H - +6 ring of strength
MPRegen  0.13/turn              c - ring of Gihilin Gyc {rPois rF+ Int+2}

@: lethally poisoned (0 -> -1), glowing
A: retaliatory headbutt, horns 2
a: Divine Shield, Cleansing Flame, Summon Divine Warrior, Brand Weapon With Holy
Wrath, Renounce Religion


You were in the Dungeon.
You worshipped the Shining One.
The Shining One was exalted by your worship.
You were not hungry.

You visited 1 branch

Inventory:

Hand Weapons
 a - a +0 flail of holy wrath
 b - the +8 spear of Eternal Vigilance {venom, -Tele rPois MR+}
   (You found it in the Dungeon)

   It poisons the flesh of those it strikes.
   It protects you from poison.
   It affects your resistance to hostile enchantments.
   It prevents most forms of teleportation.
 L - the +7 great mace "Firestarter" {inner flame, rF++}
   (You found it in the Dungeon)

   It has been specially enchanted to burn those struck by it, causing extra
   injury to most foes and up to half again as much damage against particularly
   susceptible opponents.
   It greatly protects you from fire.
 M - a +5 broad axe (weapon)
 N - a +5 demon whip
Armour
 l - a +3 large shield
 m - a +3 shield (worn)
 n - +5 gold dragon scales
 o - a +5 plate armour (worn)
 K - the +15 Maxwell's patent armour {-Cast -Tele rElec MR+ rCorr}
   (You found it in the Dungeon)

   It insulates you from electricity.
   It affects your resistance to hostile enchantments.
   It prevents spellcasting.
   It prevents most forms of teleportation.
   It provides partial protection from all sources of acid and corrosion.
Jewellery
 c - the ring of Gihilin Gyc (right hand) {rPois rF+ Int+2}
   (You found it in the Dungeon)

   [ring of protection from fire]

   It affects your intelligence (+2).
   It protects you from fire.
   It protects you from poison.
 s - the amulet "Yhuag" (around neck) {Faith rPois rN++ SInv}
   (You found it in the Dungeon)

   [amulet of faith]

   It allows you to gain divine favour quickly.
   It protects you from poison.
   It greatly protects you from negative energy.
   It lets you see invisible.
 E - a +6 ring of dexterity
 F - a +6 ring of intelligence
 G - an uncursed ring of protection from fire
 H - a +6 ring of strength (left hand)
 I - an uncursed ring of protection from magic
Wands
 A - a wand of disintegration (7)
 B - a wand of iceblast (7)
 C - a wand of acid (7)
Scrolls
 k - 4 scrolls of blinking
 u - 4 scrolls of amnesia
 v - 7 scrolls of fog
 w - a scroll of holy word
 x - 5 scrolls of identify
 y - 5 scrolls of remove curse
 z - 2 scrolls of fear
Potions
 d - 6 potions of might
 e - 8 potions of curing
 g - 6 potions of heal wounds
 h - 10 potions of haste
 i - 7 potions of magic
 j - 3 potions of berserk rage
 p - 2 potions of brilliance
 q - 2 potions of invisibility
 r - 4 potions of resistance
 t - 5 potions of agility
Comestibles
 f - 7 rations
 D - 6 chunks of flesh


   Skills:
 + Level 16.3 Fighting
 + Level 16.2 Axes
 + Level 15.0 Armour
 + Level 15.0 Shields
 + Level 2.7 Invocations


You had 10 spell levels left.
You didn't know any spells.
Your spell library was empty.

Dungeon Overview and Level Annotations

Branches:
Dungeon (1/1)

Altars:
Ashenzari
Cheibriados
Dithmenos
Elyvilon
Fedhas
Gozag
Hepliaklqana
Kikubaaqudgha
Makhleb
Nemelex Xobeh
Okawaru
Qazlal
Ru
Sif Muna
Trog
Uskayaw
Vehumet
Wu Jian
Xom
Yredelemnul
Zin
The Shining One
Beogh
Jiyva
Lugonu


Innate Abilities, Weirdness & Mutations

You reflexively headbutt those who attack you in melee.
You have a pair of horns on your head.


Message History

The reaper hits you with a scythe of flaming!
The reaper burns you.
* * * LOW HITPOINT WARNING * * *
You hit the greater mummy but do no damage.
Your headbutt misses the greater mummy. You slash the mummy!
You slash the emperor scorpion! You hit the reaper but do no damage.
You feel sick. The greater mummy barely misses you.
The emperor scorpion stings you!
* * * LOW HITPOINT WARNING * * *
The emperor scorpion completely misses you.
You block the emperor scorpion's attack.
You feel much better.
The reaper hits you with a scythe of flaming!!
* * * LOW HITPOINT WARNING * * *
The reaper burns you.
* * * LOW HITPOINT WARNING * * *
The greater mummy hits you but does no damage.
You block the emperor scorpion's attack. x2
The emperor scorpion claws you.
You die...

▓..:=}}.. ▓...}|)..
▓..:))[...▓...}::).
▓.........▓........
▓.........▓........
▓.........▓........
▓M.M......▓.....|..
▓sM4......▓........
▓s▓s....▓.▓....©...
▓2@Ms©....▓▓▓▓▓▓▓▓▓
▓▓▓▓▓▓▓▓▓▓▓


You could see a greater mummy, 4 emperor scorpions, a reaper, 2 guardian mummies
and a red devil.

Vanquished Creatures
  A tentacled starspawn (D)
  A mummy priest (D)
  A sixfirhy (D)
  4 draconians (D)
  2 black mambas (D)
  A spiny frog (D)
  A smoke demon (D)
  A guardian mummy (D)
  A hippogriff (D)
  An air elemental (D)
  A ynoxinul (D)
  An ushabti (D)
  A golden eye (D)
  A neqoxec (D)
  A naga (D)
  2 water moccasins (D)
  2 porcupines (D)
  A hell hound (D)
  3 crimson imps (D)
  4 quasits (D)
  5 iron imps (D)
  An iguana (D)
  3 mummies (D)
  An adder (D)
  3 shadow imps (D)
  3 ufetubi (D)
  3 oozes (D)
  A bat zombie (D)
  3 jackals (D)
  A ball python zombie (D)
  A giant cockroach zombie (D)
  A jackal zombie (D)
  A starspawn tentacle (D)
58 creatures vanquished.

Vanquished Creatures (others)
  A thrashing horror (D)
  An ufetubus (D)
  2 starspawn tentacles (D)
4 creatures vanquished.

Grand Total: 62 creatures vanquished

Notes
Turn   | Place    | Note
-------+----------+-------------------------------------------
     0 | D        | Found the +6 Majin-Bo {vamp, Archmagi MP+6 Int+6}
     0 | D        | Found the +7 great mace "Firestarter" {inner flame, rF++}
     0 | D        | Faca the Minotaur Fighter began the quest for the Orb.
     0 | D        | Reached XP level 1. HP: 19/19 MP: 0/0
     0 | D        | Found a blossoming altar of Fedhas.
     7 | D        | Found a deep blue altar of Sif Muna.
     7 | D        | Found a sacrificial altar of Ru.
     7 | D        | Found a bloodstained altar of Trog.
     7 | D        | Found a stormy altar of Qazlal.
     7 | D        | Found an iron altar of Okawaru.
     7 | D        | Found a sparkling altar of Nemelex Xobeh.
     9 | D        | Found a transporter.
     9 | D        | Found an ancient bone altar of Kikubaaqudgha.
     9 | D        | Found a viscous altar of Jiyva.
     9 | D        | Found a corrupted altar of Lugonu.
     9 | D        | Found a hazy altar of Hepliaklqana.
     9 | D        | Found a burning altar of Makhleb.
     9 | D        | Found an opulent altar of Gozag.
    26 | D        | Found the +9 heavy crossbow "Sniper" {velocity, Acc+∞ SInv}
    26 | D        | Found the +10 dark maul {crush}
    26 | D        | Found the +15 Maxwell's patent armour {-Cast -Tele rElec
                  | MR+ rCorr}
    26 | D        | Found the +18 shield of the Gong {rElec rN+ MR+ EV-5}
    26 | D        | Found the cursed +14 obsidian axe {chop, +Fly SInv *Curse}
    28 | D        | Found the +6 shillelagh "Devastator" {shatter}
    28 | D        | Found the +11 plutonium sword {*Contam Stlth-}
    28 | D        | Found the +8 lance "Wyrmbane" {slay drac, rPois rF+ rC+
                  | AC+3}
    28 | D        | Found the +9 sword of Zonguldrok {reap}
    28 | D        | Found the cursed +13 scythe of Curses {drain, *Curse}
    28 | D        | Found the +0 sword of Power
    28 | D        | Found the +7 mace of Variability {chain chaos}
    28 | D        | Found the +7 Singing Sword
    28 | D        | Found the +7 longbow "Piercer" {penet, EV-2}
    86 | D        | Became a worshipper of the Shining One
    93 | D        | Reached XP level 2. HP: 34/34 MP: 1/1
   100 | D        | Entered arena 2.
   100 | D        | Noticed a crimson imp
   100 | D        | Reached * piety under the Shining One
   100 | D        | Found a transporter.
   104 | D        | Killed a crimson imp
   104 | D        | Reached XP level 3. HP: 41/41 MP: 2/2
   111 | D        | Entered arena 3.
   111 | D        | Reached ** piety under the Shining One
   111 | D        | Found a transporter.
   120 | D        | Got the +8 spear of Eternal Vigilance {venom, -Tele rPois
                  | MR+}
   124 | D        | Entered arena 4.
   124 | D        | Noticed a hell hound
   124 | D        | Reached *** piety under the Shining One
   124 | D        | Found a transporter.
   128 | D        | Reached **** piety under the Shining One
   128 | D        | Reached XP level 4. HP: 49/49 MP: 3/3
   128 | D        | Killed a hell hound
   128 | D        | Reached XP level 5. HP: 57/57 MP: 4/4
   130 | D        | Reached skill level 10 in Fighting
   136 | D        | Entered arena 5.
   136 | D        | Noticed a draconian
   136 | D        | Reached ***** piety under the Shining One
   136 | D        | Noticed a draconian
   136 | D        | Noticed a draconian
   136 | D        | Noticed a draconian
   136 | D        | Found a transporter.
   149 | D        | Killed a draconian
   149 | D        | Reached XP level 6. HP: 45/68 MP: 5/5
   149 | D        | Reached XP level 7. HP: 49/74 MP: 6/6
   153 | D        | Killed a draconian
   158 | D        | Killed a draconian
   158 | D        | Reached skill level 10 in Armour
   158 | D        | Reached skill level 10 in Shields
   158 | D        | Reached XP level 8. HP: 30/85 MP: 7/7
   158 | D        | Killed a draconian
   354 | D        | Entered arena 6.
   354 | D        | Reached ****** piety under the Shining One
   354 | D        | Found a transporter.
   369 | D        | Got the amulet "Yhuag" {Faith rPois rN++ SInv}
   373 | D        | Entered arena 7.
   373 | D        | Noticed a sixfirhy
   380 | D        | Killed a sixfirhy
   380 | D        | Reached XP level 9. HP: 86/94 MP: 8/8
   384 | D        | Found a transporter.
   392 | D        | Entered arena 8.
   392 | D        | Noticed a black mamba
   392 | D        | Noticed a black mamba
   399 | D        | Killed a black mamba
   406 | D        | Killed a black mamba
   413 | D        | Found a transporter.
   420 | D        | Got the ring of Gihilin Gyc {rPois rF+ Int+2}
   618 | D        | Entered arena 9.
   618 | D        | Noticed a smoke demon
   628 | D        | Killed a smoke demon
   628 | D        | Reached XP level 10. HP: 88/104 MP: 9/9
   633 | D        | Found a transporter.
   710 | D        | Entered arena 10.
   710 | D        | Noticed a spiny frog
   716 | D        | Reached skill level 15 in Fighting
   717 | D        | Killed a spiny frog
   717 | D        | Reached skill level 15 in Axes
   722 | D        | Found a transporter.
   760 | D        | Got the ring "Loenas" {Str+2 Stlth-}
   773 | D        | Entered arena 11.
   773 | D        | Noticed a tentacled starspawn
   773 | D        | Noticed a thrashing horror
   778 | D        | Killed a thrashing horror
   778 | D        | Found a transporter.
   785 | D        | Killed a tentacled starspawn
   795 | D        | Entered arena 12.
   795 | D        | Noticed a mummy priest
   803 | D        | Noticed a greater mummy
   807 | D        | Reached skill level 1 in Invocations
   809 | D        | Noticed an emperor scorpion
   809 | D        | Noticed an emperor scorpion
   809 | D        | Noticed an emperor scorpion
   809 | D        | Noticed an emperor scorpion
   812 | D        | Noticed a smoke demon
   812 | D        | Noticed a smoke demon
   813 | D        | Killed a mummy priest
   813 | D        | Reached skill level 15 in Armour
   813 | D        | Reached skill level 15 in Shields
   813 | D        | Reached XP level 11. HP: 69/115 MP: 10/12
   813 | D        | Noticed a reaper
   823 | D        | Slain by an emperor scorpion

Vault maps used:
D:        sprint_v

Skill      XL: |  1  2  3  4  5  6  7  8  9 10 |
---------------+-------------------------------+-----
Fighting       | 7 8 9 11 12 13 14 16 | 16.3
Axes           | 6 7 8 9 11 12 13 14 16 | 16.2
Armour         | 4 6 8 10 11 13 15 | 15.0
Shields        | 4 6 8 10 11 13 15 | 15.0
Invocations    | 2 |  2.7

Action                   |  1- 3 |  4- 6 |  7- 9 | 10-12 || total
-------------------------+-------+-------+-------+-------++-------
Melee: Broad axe         |     7 |    13 |    46 |    39 ||   105
       Headbutt          |     1 |     1 |     9 |     9 ||    20
  Use: Potion            |     1 |       |     3 |     3 ||     7
Armor: Plate armour      |     4 |    11 |    35 |    32 ||    82
Dodge: Dodged            |     5 |     5 |    12 |    19 ||    41
Block: Shield            |     5 |     9 |    44 |    39 ||    97

Table legend:
 A = Non-vault XP
 B = Vault XP
 C = Vault XP percentage of total XP
 D = Non-vault monster count
 E = Vault monster count
 F = Vault count percentage of total count
                 A         B        C        D         E       F
            +---------+---------+-------+---------+---------+-------
      Total |       0 |   11543 | 100.0 |       0 |      58 | 100.0
            +---------+---------+-------+---------+---------+-------
          D |       0 |   11543 | 100.0 |       0 |      58 | 100.0
            +---------+---------+-------+---------+---------+-------
